 Dungeon Crawl Stone Soup version 0.30-a0-371-gad7725a93e (webtiles) character file.

Game seed: 12021838362018132259

89 funkygono the Firebug (level 4, -4/32 HPs)
             Began as a Demonspawn Fire Elementalist on Nov 21, 2022.
             Killed from afar by an orc wizard (9 damage)
             ... with a magic dart
             ... on level 4 of the Dungeon.
             The game lasted 00:04:36 (2689 turns).

funkygono the Firebug (DsFE)                        Turns: 2689, Time: 00:04:37

Health: -4/32      AC:  2    Str:  8    XL:     4   Next: 31%
Magic:  7/8        EV: 12    Int: 18    God:
Gold:   159        SH:  0    Dex: 20    Spells: 2/8 levels left

rFire   . . .      SeeInvis .    h - staff of conjuration
rCold   . . .      Faith    .    (no shield)
rNeg    . . .      Spirit   .    a - +0 robe
rPois   .          Reflect  .    (no helmet)
rElec   .          Harm     .    (no cloak)
rCorr   .          Rampage  .    (no gloves)
Will    .....                    (no boots)
Stlth   ++........               (no amulet)
HPRegen 0.25/turn                f - +6 ring of dexterity
MPRegen 0.11/turn                (no ring)

@: no status effects
A: claws 2, foul stench 1
a: no special abilities


You were on level 4 of the Dungeon.
You visited 1 branch of the dungeon, and saw 4 of its levels.

You collected 185 gold pieces.
You spent 26 gold pieces at shops.

Inventory:

Hand Weapons
 c - a +0 dagger of freezing
 d - a +0 whip
Armour
 a - a +0 robe (worn)
Magical Staves
 h - a staff of conjuration (weapon)
Jewellery
 f - a +6 ring of dexterity (left claw)
Wands
 e - a wand of mindburst (12)
Scrolls
 g - a scroll of vulnerability {unknown}
 i - 2 scrolls of torment {unknown}
 l - a scroll of noise {unknown}
 o - 2 scrolls of enchant weapon {unknown}
 q - a scroll of teleportation {unknown}
Potions
 b - 3 potions of magic
 j - a potion of heal wounds
 k - 2 potions of lignification
 m - 4 potions of curing
 n - a potion of mutation {unknown}
 p - a potion of haste {unknown}


   Skills:
 * Level 1.1 Fighting
 + Level 1.8 Dodging
 - Level 1.7 Stealth
 * Level 2.8 Spellcasting
 * Level 1.5 Conjurations
 * Level 3.7 Fire Magic


You had 2 spell levels left.
You knew the following spells:

 Your Spells              Type           Power      Damage    Failure   Level
a - Foxfire               Conj/Fire      72%        2x1d7     5%          1
b - Scorch                Fire           32%        2d6       5%          2
c - Kindle Blastsparks    Fire/Tloc/Air  14%        2d11      30%         3

Your spell library contained the following spells:

 Spells                   Type           Power      Damage    Failure   Level
 Apportation              Tloc           4%         N/A       17%         1
 Necrotise                Necr           8%         1d4       17%         1
 Sting                    Tmut/Pois      8%         1d3       17%         1
 Summon Small Mammal      Summ           8%         N/A       17%         1
 Poisonous Vapours        Pois/Air       4%         N/A       26%         2
 Inner Flame              Hex/Fire       9%         N/A       22%         3
 Flame Wave               Conj/Fire      18%        2d7       50%         4
 Olgreb's Toxic Radiance  Pois           2%         N/A       86%         4


Dungeon Overview and Level Annotations

Branches:
Dungeon (4/15)
 Temple: D:4-7

Altars:
Cheibriados
Qazlal

Shops:
D:2 !=?*


Innate Abilities, Weirdness & Mutations

You have very sharp fingernails.
You may rarely emit foul miasma when damaged in melee.


Message History

You hit something. The orc barely misses you. Something barely misses you.
Unknown command.
The orc hits you but does no damage.
You hit the orc but do no damage. The orc hits you but does no damage.
Something hits you but does no damage. The orc hits you with a +0 dagger.
You hit something but do no damage.
You feel less confused. The orc completely misses you.
The orc hits you with a +0 dagger. Something hits you but does no damage.
You hit something but do no damage. The orc hits you but does no damage.
The orc hits you with a +0 dagger. The orc barely misses you.
Something hits you. x2; The orc hits you with a +0 dagger.
The orc closely misses you.
You hit something. Something hits you.
* * * LOW HITPOINT WARNING * * *
You emit a cloud of foul miasma!
The orc misses you. Something hits you but does no damage. The orc misses you.
Casting: Foxfire (safe; 5% risk of failure)
Confirm with . or Enter, or press ? or * to list all spells.
You feel a surge of power!
You conjure some foxfire!
Something hits you.
* * * LOW HITPOINT WARNING * * *
The orc hits you with a +0 dagger.
* * * LOW HITPOINT WARNING * * *
Something hits you but does no damage. The orc misses you.
The orc hits you with a +0 dagger.
* * * LOW HITPOINT WARNING * * *
Casting: Foxfire (safe; 5% risk of failure)
Confirm with . or Enter, or press ? or * to list all spells.
Okay, then.
Your foxfire dissipates!
The foxfire hits the orc.
The orc is heavily wounded.
Reactivating autopickup.
You feel a bit more experienced.
The orc throws a boomerang.
The boomerang misses you.
You hear some strange, mumbled words.
A magic dart appears from out of thin air!
Deactivating autopickup; reactivate with Ctrl-A.
The magic dart hits you!
You die...

#...........# ##......
###......#).##........
#.......#............
#.......##.).........
###.....##..##o.....
##+#####.......#
#..o○...# #<.{oo..#
#..@...## #..##..#
....## .## ###### ##


You could see 4 orcs.

Vanquished Creatures
  An orc wizard (D:4)
  3 adders
  2 dart slugs (D:1)
  4 orcs
  4 ball pythons
  5 endoplasms
  4 giant cockroaches
  7 hobgoblins
  2 jackals (D:3)
  A quokka (D:1)
  3 bats
  5 frilled lizards
  3 goblins
  6 kobolds
  2 rats (D:3)
52 creatures vanquished.

Vanquished Creatures (others)
  124 foxfires
124 creatures vanquished.

Grand Total: 176 creatures vanquished

Notes
Turn   | Place    | Note
-------+----------+-------------------------------------------
     0 | D:1      | funkygono the Demonspawn Fire Elementalist began the quest
                  | for the Orb.
     0 | D:1      | Reached XP level 1. HP: 13/13 MP: 3/3
   266 | D:1      | Reached skill level 3 in Fire Magic
   266 | D:1      | Gained mutation: You have sharp fingernails. [demonic
                  | ancestry]
   266 | D:1      | Reached XP level 2. HP: 20/20 MP: 1/5
   269 | D:1      | Learned a level 2 spell: Scorch
   823 | D:2      | Gained mutation: You have very sharp fingernails. [demonic
                  | ancestry]
   823 | D:2      | Reached XP level 3. HP: 25/25 MP: 0/6
   827 | D:2      | Learned a level 3 spell: Kindle Blastsparks
  1045 | D:2      | Found Keit's Jewellery Shop.
  1045 | D:2      | Found Rajinyr's Magic Scroll Boutique.
  1155 | D:2      | Bought a scroll of identify for 26 gold pieces
  1280 | D:2      | Found Wufywnun's Assorted Antiques.
  1375 | D:2      | Found Yvihim's Distillery.
  1983 | D:3      | Reached skill level 1 in Fighting
  2104 | D:3      | Gained mutation: You may rarely emit foul miasma when
                  | damaged in melee. [demonic ancestry]
  2104 | D:3      | Reached XP level 4. HP: 32/32 MP: 6/8
  2151 | D:3      | Found a snail-covered altar of Cheibriados.
  2181 | D:3      | Found a stormy altar of Qazlal.
  2294 | D:3      | Found a faded altar of an unknown god.
  2689 | D:4      | Killed from afar by an orc wizard

Illustrated notes

Levels and vault maps discovered:
D:1:      scummos_arrival_gate, layout_rooms, kennysheep_small_spiral
D:2:      layout_loops_corners, serial_shops, nicolae_lakefront_shop, shop,
          shop, nicolae_diamond_shop
D:3:      layout_rooms, zin_statuary, jmf_multi_god_temple,
          shapermc_ecumenical_altar_acropolis
D:4:      layout_cave_pools, led_xom_imps, mainiacjoe_overflow_alcove_2,
          minmay_temple_entry_tees, uniq_robin

Skill      XL: |  1  2  3 |
---------------+----------+-----
Fire Magic     | 3 |  3.7
Fighting       | 1 |  1.1
Dodging        | |  1.8
Stealth        | |  1.7
Spellcasting   | |  2.8
Conjurations   | |  1.5

Action                   |  1- 3 |  4- 6 || total
-------------------------+-------+-------++-------
Melee: Staff             |     1 |     9 ||    10
       Punch             |     1 |       ||     1
 Cast: Foxfire           |    48 |    23 ||    71
       Scorch            |     4 |     4 ||     8
  Use: Scroll            |     2 |     2 ||     4
Armor: Robe              |     2 |     9 ||    11
Dodge: Dodged            |     5 |    16 ||    21

Table legend: (Time is in decaauts)
 A = Elapsed time spent in this place.
 B = Non-inter-level travel time spent in this place.
 C = Inter-level travel time spent in this place.
 D = Time resting spent in this place.
 E = Time spent auto-exploring this place.
 F = Levels seen in this place.
 G = Mean time per level.
                   A        B        C        D        E       F      G
               +--------+--------+--------+--------+--------+-----+--------+
         Total |   2689 |   2635 |     54 |      0 |   2286 |   4 |  672.2 |
       Dungeon |   2689 |   2635 |     54 |      0 |   2286 |   4 |  672.2 |
               +--------+--------+--------+--------+--------+-----+--------+

Top non-repeatable levels by time:
     D:2: 1124 daAuts
     D:1: 768 daAuts
     D:3: 707 daAuts
     D:4: 89 daAuts
